 Dungeon Crawl Stone Soup version 0.28.0-1-gb440e238dd (webtiles) character file.

Game seed: 8874595942357189433

38 bande the Shield-Bearer (level 3, 24/24 HPs)
             Began as a Gargoyle Fighter on Feb 19, 2022.
             Quit the game on level 3 of the Dungeon.
             The game lasted 00:02:19 (2191 turns).

bande the Shield-Bearer (Gargoyle Fighter)          Turns: 2191, Time: 00:02:20

Health: 24/24      AC: 10    Str: 19    XL:     3   Next: 43%
Magic:  3/3        EV:  9    Int: 14    God:
Gold:   192        SH:  4    Dex: 11    Spells: 2/2 levels left

rFire   . . .      SeeInvis .   a - +0 war axe
rCold   . . .      Faith    .   c - +0 buckler
rNeg    + . .      Spirit   .   b - +0 scale mail
rPois   ∞          Reflect  .   (no helmet)
rElec   +          Harm     .   (no cloak)
rCorr   .          Rampage  .   (no gloves)
Will    .....                   (no boots)
Stlth   ..........              (no amulet)
HPRegen 0.08/turn               k - +6 ring of intelligence
MPRegen 0.08/turn               (no ring)

@: no status effects
A: sickness immunity, AC +3, negative energy resistance 1, electricity
resistance, torment resistance 1, petrification resistance, hooves 1, inability
to read while threatened
a: no special abilities


You were on level 3 of the Dungeon.
You visited 1 branch of the dungeon, and saw 3 of its levels.

You collected 192 gold pieces.

Inventory:

Hand Weapons
 a - a +0 war axe (weapon)
 j - the +10 hunting sling "Laudopsu" {speed, Str-4 Dex+6}
   (You found it on level 2 of the Dungeon)

   Attacks with this weapon are significantly faster.
   Str:       It affects your strength (-4).
   Dex:       It affects your dexterity (+6).
Armour
 b - a +0 scale mail (worn)
 c - a +0 buckler (worn)
Jewellery
 k - a +6 ring of intelligence (left hand)
Potions
 d - a potion of might
 f - a potion of curing {unknown}
 g - a potion of cancellation {unknown}
 h - a potion of degeneration {unknown}


   Skills:
 + Level 3.6 Fighting
 + Level 2.4 Axes
 + Level 3.6 Armour
 + Level 3.6 Shields


You had 2 spell levels left.
You didn't know any spells.
Your spell library contained the following spells:

 Spells                   Type           Power      Damage    Failure   Level
 Foxfire                  Conj/Fire      0%         2x1d4     73%         1
 Conjure Flame            Conj/Fire      0%         6-21      97%         3
 Inner Flame              Hex/Fire       0%         N/A       97%         3
 Flame Wave               Conj/Fire      0%         2d4       100%        4


Dungeon Overview and Level Annotations

Branches:
Dungeon (3/15)

Altars:


Innate Abilities, Weirdness & Mutations

You are immune to sickness and miasma.
Your stone body is resilient. (AC +3)
You are immune to poison.
You resist negative energy. (rN+)
You are resistant to electric shocks. (rElec)
You are resistant to unholy torment.
You are immune to petrification.
You have large cloven feet.
You sometimes lose the ability to read scrolls when taking damage.


Message History

The ball python bites you but does no damage.
The ball python constricts you.
You barely miss the ball python.
The ball python bites you but does no damage.
The ball python constricts you.
The ball python bites you but does no damage.
The ball python constricts you.
You slash the ball python!
You kill the ball python!
No target in view!
No target in view!
Found an escape hatch in the floor.
Found a stone staircase leading down.
As you open the door, it creaks loudly!
There is an open door here.
You open the door.
There is an open door here.
There is an open door here.
You open the door.
There is an open door here.
You open the door.
There is an open door here.
There is an open door here.
You see here a +0 club.
Done exploring.
Done exploring.
There is a stone staircase leading down here.
You climb downwards.
Found 5 gold pieces.
There is a stone staircase leading up here.
You feel clever.
k - a +6 ring of intelligence (left hand)
As you read the scroll labelled LOAXOL HUACH, it crumbles to dust.
It is a scroll of identify.
e - a potion of mutation Really quaff the potion of mutation?
You feel extremely strange.
Your feet thicken and deform.
You lose the ability to read scrolls when threatened.
Are you sure you want to abandon this character and quit the game? (Confirm with "yes".)

...######
#......@#
...####.#
#.. ....
##..# .$#
..# ..#


There were no monsters in sight!

Vanquished Creatures
  An adder (D:2)
  2 dart slugs (D:1)
  A ball python (D:2)
  2 endoplasms (D:1)
  A giant cockroach (D:1)
  4 goblins
  A hobgoblin (D:1)
  4 bats
  2 frilled lizards (D:1)
  6 kobolds
  2 rats (D:1)
26 creatures vanquished.

Vanquished Creatures (others)
  5 toadstools (D:1)
5 creatures vanquished.

Grand Total: 31 creatures vanquished

Notes
Turn   | Place    | Note
-------+----------+-------------------------------------------
     0 | D:1      | bande the Gargoyle Fighter began the quest for the Orb.
     0 | D:1      | Reached XP level 1. HP: 14/14 MP: 1/1
   150 | D:1      | Reached XP level 2. HP: 15/19 MP: 2/2
   877 | D:1      | Found a faded altar of an unknown god.
   972 | D:1      | Reached XP level 3. HP: 21/23 MP: 3/3
  1504 | D:2      | Identified the +10 hunting sling "Laudopsu" {speed, Str-4
                  | Dex+6}
  2190 | D:3      | Gained mutation: You have large cloven feet. [potion of
                  | mutation]
  2190 | D:3      | Gained mutation: You sometimes lose the ability to read
                  | scrolls when taking damage. [potion of mutation]
  2191 | D:3      | Quit the game

Illustrated notes

Levels and vault maps discovered:
D:1:      dpeg_arrival_arbitrary_c, layout_basic,
          shapermc_ecumenical_altar_notcrosses, skrybe_limestone_x,
          minmay_gold_behind_fungi, minmay_misc_feat_five,
          roderic_st_hans_cross, amcnicky_mini_pool_small
D:2:      layout_loops_corners
D:3:      layout_basic, st_stairs_13

Skill      XL: |  1  2 |
---------------+-------+-----
Axes           | 2 |  2.4
Fighting       | |  3.6
Armour         | |  3.6
Shields        | |  3.6

Action                   || total
-------------------------++-------
Melee: War axe           ||    89
  Use: Scroll            ||     2
       Potion            ||     1
Armor: Scale mail        ||    66
Dodge: Dodged            ||    38
Block: Buckler           ||    23
